 Dungeon Crawl Stone Soup version 0.27-a0-931-g5a74e75d8f (webtiles) character file.

Game seed: 3651390471256833778

42 polve the Slasher (level 3, -1/29 HPs)
             Began as a Demonspawn Abyssal Knight on Apr 10, 2021.
             Was a Follower of Lugonu.
             Killed by Freeze
             ... generated by an endoplasm
              (5 damage)
             ... on level 2 of the Dungeon.
             The game lasted 00:01:04 (1624 turns).

polve the Slasher (Demonspawn Abyssal Knight)       Turns: 1624, Time: 00:01:04

Health: -1/29      AC:  5    Str: 12    XL:     3   Next: 35%
Magic:  4/4        EV: 10    Int: 14    God:    Lugonu [*.....]
Gold:   30         SH:  0    Dex: 12    Spells: 2/2 levels left

rFire    . . .     SeeInvis .   a - +1 falchion
rCold    . . .     Faith    .   (no shield)
rNeg     . . .     Spirit   .   c - +0 ring mail
rPois    .         Reflect  .   (no helmet)
rElec    .         Harm     .   (no cloak)
rCorr    .         Rampage  .   (no gloves)
Will     .....                  (no boots)
Stlth    +.........             (no amulet)
HPRegen  0.09/turn              (no ring)
MPRegen  0.09/turn              (no ring)

@: no status effects
A: claws 2
a: Renounce Religion, Depart the Abyss


You were on level 2 of the Dungeon.
You worshipped Lugonu.
Lugonu was aware of your devotion.
You visited 1 branch of the dungeon, and saw 2 of its levels.
You visited the Abyss 1 time.

You collected 30 gold pieces.

Inventory:

Hand Weapons
 a - a +1 falchion (weapon)
Armour
 b - a +0 leather armour
 c - a +0 ring mail (worn)
Scrolls
 d - a scroll of vulnerability {unknown}
 e - 2 scrolls of identify {unknown}
 g - a scroll of teleportation {unknown}
Potions
 f - a potion of flight {unknown}


   Skills:
 - Level 3.0 Fighting
 * Level 3.5 Long Blades
 - Level 1.7 Armour
 - Level 0.8 Dodging
 - Level 2.4 Invocations


You had 2 spell levels left.
You didn't know any spells.
Your spell library was empty.

Dungeon Overview and Level Annotations

Branches:
Dungeon (2/15)

Altars:


Innate Abilities, Weirdness & Mutations

You have very sharp fingernails.


Message History

You closely miss the adder.
The adder is severely wounded.
You feel sick. The adder bites you but does no damage. The adder bites you.
You are too injured to fight recklessly!
You are too injured to fight recklessly!
You are too injured to fight recklessly!
You are too injured to fight recklessly!
You hit the adder.
The adder is almost dead.
You feel sick. The endoplasm barely misses you. The adder closely misses you.
You miss the adder.
The adder is almost dead.
You feel sick.
You are no longer poisoned.
The adder closely misses you. The endoplasm barely misses you.
The adder barely misses you.
You riposte.
You hit the adder.
You kill the adder!
Lugonu accepts your kill.
You hit the endoplasm.
The endoplasm is severely wounded.
The endoplasm freezes you.
You are frozen.
The endoplasm freezes you.
You are frozen.
The endoplasm freezes you.
You are frozen.
* * * LOW HITPOINT WARNING * * *
The endoplasm barely misses you.
You hit the endoplasm.
The endoplasm is almost dead.
The endoplasm misses you.
You riposte.
You hit the endoplasm but do no damage. The endoplasm freezes you.
You are frozen.
* * * LOW HITPOINT WARNING * * *
You hit the endoplasm.
You kill the endoplasm!
Lugonu accepts your kill. The endoplasm freezes you.
You are frozen.
You die...

#......#
#......#
#......#
#......
..... #
...
###.#.###
#....@..#
#...J.<.#
#.......#
#.=.....#
..#..#.###
.. ...#.#
. #...#.#
.......


You could see an endoplasm.

Vanquished Creatures
  An adder (D:2)
  A dart slug (D:1)
  2 bats (D:1)
  3 endoplasms
  3 giant cockroaches (D:1)
  2 goblins (D:1)
  6 jackals (D:1)
  2 quokkas (D:1)
  4 ball pythons (D:1)
  2 frilled lizards (D:1)
  2 rats (D:1)
28 creatures vanquished.

Notes
Turn   | Place    | Note
-------+----------+-------------------------------------------
     0 | Abyss:1  | polve the Demonspawn Abyssal Knight began the quest for the
                  | Orb.
     0 | Abyss:1  | Reached XP level 1. HP: 18/18 MP: 2/2
   133 | Abyss:1  | Noticed a tentacled starspawn
   148 | Abyss:1  | Noticed a frost giant skeleton
   149 | Abyss:1  | Noticed a chaos spawn
   156 | Abyss:1  | Noticed a shining eye
   156 | Abyss:1  | Noticed a glowing orange brain
   156 | Abyss:1  | a shining eye changed into a glowing orange brain
   159 | Abyss:1  | Noticed a wolf spider
   159 | Abyss:1  | a glowing orange brain changed into a wolf spider
   165 | Abyss:1  | Noticed a merfolk
   165 | Abyss:1  | a wolf spider changed into a merfolk
   166 | D:1      | Escaped the Abyss
   513 | D:1      | Gained mutation: You have sharp fingernails. [demonic
                  | ancestry]
   513 | D:1      | Reached XP level 2. HP: 21/24 MP: 3/3
   657 | D:1      | Reached * piety under Lugonu
  1016 | D:1      | Gained mutation: You have very sharp fingernails. [demonic
                  | ancestry]
  1016 | D:1      | Reached XP level 3. HP: 28/29 MP: 4/4
  1624 | D:2      | Killed from afar by an endoplasm

Illustrated notes

Levels and vault maps discovered:
D:1:      kilobyte_arrival_exit_the_forest, layout_basic
D:2:      layout_rooms, minmay_quadrilaterals, uniq_sigmund

Skill      XL: |  1  2 |
---------------+-------+-----
Long Blades    | 2 3 |  3.5
Fighting       | |  3.0
Armour         | |  1.7
Dodging        | |  0.8
Invocations    | |  2.4

Action                   || total
-------------------------++-------
Melee: Falchion          ||    78
Invok: Depart the Abyss  ||     1
Armor: Ring mail         ||    40
Dodge: Dodged            ||    70
       Rpst.: Falchion   ||    21

Table legend: (Time is in decaauts)
 A = Elapsed time spent in this place.
 B = Non-inter-level travel time spent in this place.
 C = Inter-level travel time spent in this place.
 D = Time resting spent in this place.
 E = Time spent auto-exploring this place.
 F = Levels seen in this place.
 G = Mean time per level.
                   A        B        C        D        E       F      G
               +--------+--------+--------+--------+--------+-----+--------+
         Total |   1649 |   1596 |     53 |      0 |   1397 |   3 |  549.7 |
       Dungeon |   1483 |   1430 |     53 |      0 |   1264 |   2 |  741.5 |
         Abyss |    166 |    166 |      0 |      0 |    133 |   1 |  166.0 |
               +--------+--------+--------+--------+--------+-----+--------+

Top non-repeatable levels by time:
     D:1: 1473 daAuts
 Abyss:1: 166 daAuts
     D:2: 9 daAuts
